 Dungeon Crawl Stone Soup version 0.28-a0-863-g8cecda6153 (webtiles) character file.

Game seed: 6811398003982602304

3735 jasper the Grappler (level 9, -6/103 HPs)
             Began as a Demonspawn Berserker on Nov 18, 2021.
             Was a Priest of Trog.
             Mangled by an orc knight (15 damage)
             ... in a bailey.
             The game lasted 00:16:42 (7418 turns).

jasper the Grappler (Demonspawn Berserker)          Turns: 7418, Time: 00:16:43

Health: -6/103     AC: 17    Str: 18    XL:     9   Next: 92%
Magic:  9/9        EV:  9    Int:  8    God:    Trog [***...]
Gold:   1445       SH:  0    Dex: 16    Spells: 8/8 levels left

rFire   . . .      SeeInvis .     - Unarmed
rCold   + . .      Faith    .   (no shield)
rNeg    . . .      Spirit   .   w - +0 chain mail
rPois   .          Reflect  .   m - +2 hat
rElec   .          Harm     .   (no cloak)
rCorr   +          Rampage  .   (no gloves)
Will    .....                   (no boots)
Stlth   ..........              k - amulet of the acrobat
HPRegen 0.27/turn               o - ring of protection from cold
MPRegen 0.11/turn               l - ring of resist corrosion

@: berserking (expiring), sanguine armoured, very quick
A: demonic guardian 1, foul stench 1, sanguine armour 1, demonic touch 1
a: Renounce Religion, Berserk, Trog's Hand


You were in a bailey.
You worshipped Trog.
Trog was most pleased with you.
You visited 1 branch of the dungeon, and saw 7 of its levels.
You also visited: Bailey.

You collected 1445 gold pieces.

Inventory:

Hand Weapons
 a - a +0 hand axe
 j - the +6 hunting sling "Hiddumm" {flame, Str+3}
   (You found it on level 4 of the Dungeon)

   Any ammunition fired from it burns those it strikes, dealing additional fire
   damage.
   Str:       It affects your strength (+3).
Missiles
 c - 18 poisoned darts (quivered)
 f - 97 stones
 s - a curare-tipped dart
 u - 4 javelins
Armour
 b - a +0 animal skin
 h - a +0 ring mail
 m - a +2 hat (worn)
 v - a +0 scale mail
 w - a +0 chain mail (worn)
Jewellery
 k - an amulet of the acrobat (around neck)
 l - a ring of resist corrosion (right hand)
 o - a ring of protection from cold (left hand)
Wands
 n - a wand of flame (26)
 q - a wand of digging (5)
Potions
 d - 3 potions of heal wounds
 e - 5 potions of curing
 g - 2 potions of cancellation
 i - a potion of resistance {unknown}
 p - a potion of brilliance {unknown}
 r - 2 potions of invisibility {unknown}
 x - 2 potions of magic {unknown}
 z - 2 potions of haste {unknown}
 A - a potion of mutation {unknown}


   Skills:
 + Level 5.8 Fighting
 - Level 3.2 Axes
 - Level 5.0 Slings
 + Level 4.7 Armour
 + Level 4.7 Dodging
 * Level 8.9 Unarmed Combat


You had 8 spell levels left.
You didn't know any spells.
Your spell library was empty.

Dungeon Overview and Level Annotations

Branches:
Dungeon (7/15)             Temple (0/1) D:4          Bailey (1/1)

Altars:
Elyvilon
Kikubaaqudgha
Okawaru
Vehumet
Yredelemnul
Zin
Beogh

Shops:
D:5 (

Annotations:
D:2 Natasha
D:4 2 transporters, sirJeffrey23's ghost, amateur DsBe
D:5 2 runed translucent doors


Innate Abilities, Weirdness & Mutations

A weak demonic guardian rushes to your aid.
You may rarely emit foul miasma when damaged in melee.
When seriously injured, your bleeding wounds create armour. (AC +6)
Your touch may inflict minor irresistible damage on your foes.


Message History

Aiming: Polymorph
Press: ? - help, Shift-Dir - straight line, f/p - orc knight
Aim: an orc knight, wielding a +0 glaive and wearing a +0 ring mail (will become an unseen horror, a cyclops, or a yaktaur, chance to affect: 28%)
The orc knight easily resists.
The now-empty wand crumbles to dust.
The orc knight hits you from afar with a +0 glaive!!
Your blood congeals into armour.
You take 20 damage, and have 40/69 hp.
MASSIVE DAMAGE!!
You don't have any such object.
Evoke which item? (* to show all) (? for menu, Esc to quit)
Okay, then.
The orc knight hits you with a +0 glaive.
There is an open gate here.
You take 2 damage, and have 38/69 hp.
A red film seems to cover your vision as you go berserk!
You feel yourself moving faster!
You feel mighty!
The orc knight hits you with a +0 glaive!!
You now have 39/103 hp.
You closely miss the orc knight.
The orc knight hits you with a +0 glaive!
* * * LOW HITPOINT WARNING * * *
You take 13 damage, and have 26/103 hp.
You pummel the orc knight!!
The orc knight is moderately wounded.
You closely miss the orc knight.
The orc knight is moderately wounded.
The orc knight closely misses you.
You barely miss the orc knight.
The orc knight is moderately wounded.
The orc knight hits you with a +0 glaive!!
* * * LOW HITPOINT WARNING * * *
A demonic guardian appears!
You take 17 damage, and have 9/103 hp.
You are too berserk!
Unknown command.
You pummel the orc knight!! Your touch misses the orc knight.
The orc knight is severely wounded.
You barely miss the orc knight.
The orc knight is severely wounded.
The orc knight hits you with a +0 glaive!
You die...

#...o...#
#.....#
##'''##
#.....#
#.....#
#.....#
#.....#
#..o..#
##'@'##
##..5..##
#.......#
#.......#
#.......#
#.......#
#...)...#
##.))).##
###)###


You could see an orc knight (ally target) and a friendly white imp (summoned).

Vanquished Creatures
  Pikel (D:4)
  A hornet (D:7)
  A yak (D:5)
  A steam dragon (D:6)
  A water moccasin (D:6)
  A hornet zombie (D:6)
  5 orc warriors (Bailey)
  A sky beast (D:5)
  4 ogres
  2 black bears
  A necrophage (D:6)
  A centaur (D:7)
  A wolf (Bailey)
  2 lemures (D:4)
  A kobold brigand (D:6)
  A bullfrog (D:6)
  A water moccasin skeleton (D:4)
  2 howler monkeys
  4 hounds
  2 centaur zombies
  2 jellies
  2 centaur skeletons (D:6)
  4 orc priests
  2 iguanas (D:4)
  2 bullfrog skeletons
  7 orc wizards
  A hound skeleton (D:4)
  A howler monkey zombie (D:7)
  6 adders
  A shadow imp (D:6)
  2 worms
  2 dart slugs
  41 orcs
  6 ball pythons
  5 endoplasms
  9 giant cockroaches
  6 goblins
  4 hobgoblins
  A quokka (D:5)
  5 bats
  6 frilled lizards
  16 kobolds
  A quokka skeleton (D:4)
  5 rats
171 creatures vanquished.

Vanquished Creatures (collateral kills)
  An orc warrior (Bailey)
  A hound (D:5)
  6 orcs
8 creatures vanquished.

Vanquished Creatures (others)
  4 plants (D:3)
4 creatures vanquished.

Grand Total: 183 creatures vanquished

Notes
Turn   | Place    | Note
-------+----------+-------------------------------------------
     0 | D:1      | jasper the Demonspawn Berserker began the quest for the
                  | Orb.
     0 | D:1      | Reached XP level 1. HP: 18/18 MP: 1/1
   152 | D:1      | Gained mutation: Your touch may inflict minor irresistible
                  | damage on your foes. [demonic ancestry]
   152 | D:1      | Reached XP level 2. HP: 24/24 MP: 2/2
   525 | D:1      | Reached skill level 1 in Unarmed Combat
   711 | D:1      | Reached ** piety under Trog
   769 | D:1      | Gained mutation: A weak demonic guardian rushes to your
                  | aid. [demonic ancestry]
   769 | D:1      | Reached XP level 3. HP: 27/29 MP: 3/3
   826 | D:1      | Found a faded altar of an unknown god.
  1059 | D:2      | Reached skill level 2 in Unarmed Combat
  1129 | D:2      | Noticed Natasha
  1357 | D:3      | Reached skill level 3 in Unarmed Combat
  1357 | D:3      | Reached XP level 4. HP: 35/35 MP: 4/4
  1895 | D:3      | Reached XP level 5. HP: 41/41 MP: 5/5
  2012 | D:3      | Reached skill level 4 in Unarmed Combat
  2426 | D:4      | Reached *** piety under Trog
  2433 | D:4      | Identified the +6 hunting sling "Hiddumm" {flame, Str+3}
  2482 | D:4      | Noticed a black bear
  2489 | D:4      | Killed a black bear
  2490 | D:4      | Reached skill level 5 in Unarmed Combat
  2490 | D:4      | Reached XP level 6. HP: 47/47 MP: 6/6
  2587 | D:4      | Found a transporter.
  2882 | D:4      | Found a staircase to the Ecumenical Temple.
  2905 | D:4      | Reached skill level 6 in Unarmed Combat
  2906 | D:4      | Found a transporter.
  2918 | D:4      | Reached skill level 1 in Slings
  2946 | D:4      | Noticed sirJeffrey23's ghost (amateur DsBe)
  3442 | D:4      | Noticed Pikel
  3482 | D:4      | Killed Pikel
  3483 | D:4      | Reached skill level 5 in Slings
  3483 | D:4      | Gained mutation: You may rarely emit foul miasma when
                  | damaged in melee. [demonic ancestry]
  3483 | D:4      | Reached XP level 7. HP: 52/52 MP: 7/7
  3620 | D:5      | Entered Level 5 of the Dungeon
  3628 | D:5      | Gained mutation: When seriously injured, your bleeding
                  | wounds create armour. (AC +6) [demonic ancestry]
  3628 | D:5      | Reached XP level 8. HP: 58/58 MP: 8/8
  4216 | D:5      | Found a large runed translucent door.
  4220 | D:5      | Found a large runed translucent door.
  4239 | D:5      | Found a large runed translucent door.
  4239 | D:5      | Found a large runed translucent door.
  4328 | D:5      | Found Leridut's Weapon Boutique.
  4451 | D:5      | Found a basalt altar of Yredelemnul.
  4454 | D:5      | Found an iron altar of Okawaru.
  4457 | D:5      | Found a radiant altar of Vehumet.
  4615 | D:5      | Reached skill level 7 in Unarmed Combat
  4688 | D:5      | Noticed a gargoyle
  5068 | D:6      | Reached XP level 9. HP: 66/66 MP: 9/9
  5653 | D:6      | Reached skill level 5 in Fighting
  5653 | D:6      | Reached skill level 8 in Unarmed Combat
  6223 | D:7      | Found an ancient bone altar of Kikubaaqudgha.
  6325 | D:7      | Found a flagged portal.
  6335 | Bailey   | Entered a bailey
  6377 | Bailey   | Reached **** piety under Trog
  7243 | Bailey   | Noticed an orc knight
  7340 | Bailey   | an orc knight changed into something unseen
  7384 | Bailey   | Acquired 1093 gold pieces
  7405 | Bailey   | Noticed an orc knight
  7418 | Bailey   | Mangled by an orc knight

Illustrated notes

Levels and vault maps discovered:
D:1:      beargit_arrival_greenhouse, layout_rooms,
          hellmonk_ecumenical_altar_defaced_shrine, minmay_worlds_worst_comb
D:2:      layout_loops_ring, uniq_natasha, uniq_robin
D:3:      layout_basic, elyvilon_altar_1, grunt_ministairs_9,
          chequers_serial_rivers_large_b, lexackson_kobold_supper
D:4:      layout_cave_pools, zin_scriptorium,
          minmay_temple_entry_enclosed_plants, gammafunk_ghost_mausoleum,
          minmay_misc_feat_encased, minmay_diced_spiral, uniq_pikel
D:5:      layout_loops_corners, grunt_temple_overflow_diamond, serial_shops,
          nicolae_shop_bloodbath_and_beyond, minmay_hollow_rounded_squares
D:6:      layout_rooms, minmay_misc_feat_cross
D:7:      layout_cave_pools, mainiacjoe_overflow_surrounded_room,
          enter_bailey_1, uniq_maggie
Bailey:   bailey_polearm_5, bailey

Skill      XL: |  1  2  3  4  5  6  7  8  9 |
---------------+----------------------------+-----
Axes           | 3 |  3.2
Unarmed Combat | 1 3 5 6 7 8 |  8.9
Slings         | 5 |  5.0
Armour         | 2 3 4 |  4.7
Dodging        | 2 3 4 |  4.7
Fighting       | 4 5 |  5.8

Action                   |  1- 3 |  4- 6 |  7- 9 || total
-------------------------+-------+-------+-------++-------
Melee: Hand axe          |    77 |    39 |       ||   116
       Touch             |     8 |     7 |    30 ||    45
       Punch             |       |     2 |     4 ||     6
       Unarmed           |       |    37 |   157 ||   194
 Fire: Hunting sling     |       |    94 |   168 ||   262
Throw: Stone             |    23 |       |       ||    23
       Dart              |     9 |    31 |     5 ||    45
Invok: Berserk           |     3 |     2 |    11 ||    16
       Brothers in Arms  |       |       |     2 ||     2
       Trog's Hand       |       |       |     1 ||     1
Evoke: Wand              |       |       |    11 ||    11
  Use: Scroll            |     2 |     2 |     5 ||     9
Armor: Animal skin       |    19 |     4 |       ||    23
       Ring mail         |       |    30 |    39 ||    69
       Chain mail        |       |       |    16 ||    16
       Scale mail        |       |       |     3 ||     3
Dodge: Dodged            |    47 |    73 |   116 ||   236

Table legend: (Time is in decaauts)
 A = Elapsed time spent in this place.
 B = Non-inter-level travel time spent in this place.
 C = Inter-level travel time spent in this place.
 D = Time resting spent in this place.
 E = Time spent auto-exploring this place.
 F = Levels seen in this place.
 G = Mean time per level.
                   A        B        C        D        E       F      G
               +--------+--------+--------+--------+--------+-----+--------+
         Total |   7592 |   7381 |    211 |   1397 |   4334 |   8 |  949.0 |
       Dungeon |   6492 |   6281 |    211 |    693 |   4286 |   7 |  927.4 |
        Bailey |   1099 |   1099 |      0 |    704 |     48 |   1 | 1099.0 |
               +--------+--------+--------+--------+--------+-----+--------+

Top non-repeatable levels by time:
     D:4: 1371 daAuts
     D:6: 1355 daAuts
     D:3: 1180 daAuts
     D:5: 1170 daAuts
  Bailey: 1099 daAuts
     D:1: 958 daAuts
     D:7: 236 daAuts
     D:2: 220 daAuts
